AoeStats
← iAlejandrouae

African Clearing

503868601Analyzed
4v4 RM · 1mo ago on Sep 2, 2026· 30m 31s· 8 players
Game mode
Random Map
Map size
Large (8 player)
Population
200
Speed
Normal
Resources
Standard
Victory
Conquest
Starting age
Dark Age
Ending age
Imperial Age
RankedLock teamsTeams togetherTeam positionsShared explorationLock speedFull tech treeHidden civsTurbo modeCheats
Victory
Defeat
🇫🇷 Celts · France
1803
+7
🇨🇳 Armenians · China
1801
+7
🇺🇸 Slavs · United States
1747
+9
🇦🇷 Georgians · Argentina
1602
+15
🇨🇿 Huns · Czechia
1629
-11
🇨🇿 Ethiopians · Czechia
1598
-10
🇨🇿 Gurjaras · Czechia
1565
-9
🇨🇿 Mongols · Czechia
1554
-8
Rossi
9:23 Loom
9:45 Loom
11:40 Feudal Age
12:32 Double-Bit Axe
13:22 Horse Collar
22:31 Castle Age
21:53 Gold Mining
25:32 Bow Saw
27:06 Wheelbarrow
scorpion145
10:56 Loom
13:05 Feudal Age
16:57 Castle Age
14:47 Double-Bit Axe
18:23 Scale Mail Armor
18:33 Forging
19:23 Chain Mail Armor
21:22 Arson
26:58 Horse Collar
29:24 Gold Mining
30:45 Wheelbarrow
iAlejandrouae
3:22 Loom
16:16 Feudal Age
20:28 Castle Age
18:25 Double-Bit Axe
19:09 Gold Mining
20:12 Fletching
22:07 Bodkin Arrow
22:13 Padded Archer Armor
26:37 Ballistics
29:10 Bloodlines
31:01 Leather Archer Armor
冥想控
7:36 Loom
25:31 Feudal Age
26:33 Double-Bit Axe
26:39 Stone Mining
26:40 Gold Mining
26:45 Town Watch
29:23 Castle Age
27:37 Town Watch
Čiko
8:29 Loom
20:32 Feudal Age
21:16 Double-Bit Axe
21:18 Horse Collar
27:56 Castle Age
Noxx
4:05 Loom
13:20 Feudal Age
18:44 Double-Bit Axe
27:30 Castle Age
27:22 Fletching
28:37 Crossbowman
29:34 Bow Saw
Turbox
12:46 Feudal Age
13:36 Loom
17:03 Castle Age
15:14 Double-Bit Axe
16:09 Gold Mining
16:17 Fletching
25:14 Bodkin Arrow
27:06 Husbandry
28:03 Ballistics
29:07 Padded Archer Armor
Simonz
13:49 Feudal Age
15:01 Loom
17:47 Castle Age
16:04 Double-Bit Axe
16:58 Bloodlines
18:54 Husbandry
20:18 Horse Collar
25:05 Bow Saw
25:26 Scale Barding Armor
27:04 Fletching
30:34 Wheelbarrow
Connection lost

Rejoining the realm…

Still unreachable

The connection could not be restored.

Session expired

The server has moved on; the page needs a fresh start.